cohdb
Replays
Latest Replays
All Replays
Popular Replays
Top Player Replays
Match Explorer
How It Works
Community
CoH3 Stats
Reddit
Sign in to upload your games and track your stats! →
Sign in with Steam
Match 41236872
Unlisted
Match 41236872
Overview
Messages
Build Orders
End
Panzergrenadier Squad
Selects Armored Support Battlegroup
250 Light Carrier
Panzergrenadier Squad
Construct Light Support Kompanie
Construct Mechanized Kompanie
MG34 Team
Selects Veteran Gunners
Selects Salvage Kits
Selects Salvage Kits
Vehicle Survival Package
8 Rad Armored Car
Panzerjäger Mechanized Group
Support Armor Elements
Emergency Repair Kits
Selects Panzer Storm
Marder III Tank Destroyer
StuG III D Assault Gun
Selects Flammpanzer III Medium Tank
Flammpanzer III Medium Tank
254 Reconnaissance Tractor
Marder III Tank Destroyer
Rapid Advance
aoligeigei
Plaka
CPU - VERY EASY
【POW】够得到的钟摆
【POW】游骑
子清
0
0
Comments
sign in to comment!
No comments posted yet!